 Dungeon Crawl Stone Soup version 0.20.0-1-g1cb1d84 (webtiles) character file.

210 MDvedh the Cudgeler (level 5, -1/32 HPs)
             Began as a Gargoyle Fighter on May 26, 2017.
             Killed from afar by an orc wizard (7 damage)
             ... with a magic dart
             ... on level 4 of the Dungeon.
             The game lasted 00:03:35 (1680 turns).

MDvedh the Cudgeler (Gargoyle Fighter)              Turns: 1680, Time: 00:03:36

Health: -1/32      AC: 14    Str: 19    XL:     5   Next: 87%
Magic:  5/5        EV:  7    Int: 11    God:
Gold:   41         SH:  7    Dex: 14    Spells: 4/4 levels left

rFire    . . .     SeeInvis .   a - +0 flail
rCold    . . .     Gourm    .   e - +2 buckler
rNeg     + . .     Faith    .   h - +1 chain mail
rPois    ∞         Spirit   .   (no helmet)
rElec    +         Reflect  .   (no cloak)
rCorr    .         Harm     .   (no gloves)
MR       .....     Rnd*Tele +   (no boots)
Stlth    ..........             (no amulet)
Regen    0.1/turn               m - ring of teleportation
MPRegen  0.1/turn               s - +2 ring of dexterity

@: no status effects
A: agile 1, clever 1, negative energy resistance 1, electricity resistance,
unbreathing, petrification resistance, rot immunity, AC +4
a: no special abilities


You were on level 4 of the Dungeon.
You were not hungry.

You visited 1 branch of the dungeon, and saw 4 of its levels.

You collected 41 gold pieces.

Inventory:

Hand Weapons
 a - a +0 flail (weapon)
Armour
 b - a +0 scale mail
 c - a +0 shield
 e - a +2 buckler (worn)
 h - a +1 chain mail (worn)
Jewellery
 m - a ring of teleportation (left hand)
 s - a +2 ring of dexterity (right hand)
 t - an uncursed ring of fire
Wands
 g - a wand of random effects (17/48)
 u - a wand of flame (7/48)
Scrolls
 j - a scroll of fear
 l - a scroll of enchant armour
 o - a scroll of teleportation
 r - a scroll of enchant weapon {unknown}
Potions
 i - a potion of agility
 k - a potion of resistance
 q - a potion of flight
 w - a potion of lignification {unknown}
 x - a potion of magic {unknown}
Books
 n - a book of Debilitation

   Spells                             Type                      Level
   a - Corona                         Hexes                        1
   b - Slow                           Hexes                        2
   c - Inner Flame                    Hexes/Fire                   3
   d - Portal Projectile              Hexes/Translocation          3
   e - Cause Fear                     Hexes                        4
   f - Leda's Liquefaction            Hexes/Earth                  4
Comestibles
 d - a royal jelly
 f - 2 bread rations
 p - 2 fruits
 v - a meat ration


   Skills:
 - Level 3.2 Fighting
 + Level 5.9 Maces & Flails
 - Level 3.2 Armour
 - Level 3.2 Shields


You had 4 spell levels left.
You didn't know any spells.

Dungeon Overview and Level Annotations

Branches:
Dungeon (4/15)
 Temple: D:4-7

Altars:
Elyvilon
Qazlal


Innate Abilities, Weirdness & Mutations

You are resistant to torment.
Your stone body is resilient. (AC +4)
You are immune to poison.
You resist negative energy. (rN+)
You are resistant to electric shocks. (rElec)
You can survive without breathing.
You are immune to petrification.
You are immune to rotting.
You are agile. (Dex +2)
Your mind is acute. (Int +2)


Message History

You hit the orc wizard but do no damage.
The orc wizard hits you but does no damage.
The orc wizard casts a spell at you. You block the puff of frost.
Your chain mail prevents you from hitting the orc wizard.
The orc wizard barely misses you. The orc hits you with a club.
The orc wizard hits you but does no damage.
You hit the orc wizard but do no damage.
The orc wizard barely misses you. The orc hits you but does no damage.
The orc wizard hits you but does no damage.
You completely miss the orc wizard. You block the orc's attack.
The orc wizard casts a spell at you. The puff of frost hits you!
* * * LOW HITPOINT WARNING * * *
You barely miss the orc wizard.
The orc wizard begins to cast a cantrip, but forgets the words!
You hear some strange, mumbled words.
A magic dart appears from out of thin air!
The magic dart hits you!
You die...

.#.##.......#..........#.....#.##
.#........#.#.#+####...#.#...#...
.########+._#+#.# #...#.#...#,.#
.##.............# #...#.....#,,#
.##..........<..# #...###.#.#,,*
.##.............# #....,..,.#,,,
.########.#.....## #..####.*##,**
.................###..# *,* *,,,
.########.######@o##.[#***,******
.########.# ##{##,..,,,,,,,,,,
..........# #oo#*.#***,******
########### ##.##.#*,,,,,,,*
#..#.#*,*,,,,,*
#####.#.##+###***** #####*
#.............,,,,, #....*
#...........##***** #....*
#...........+,,,,,,


You could see an orc wizard and 2 orcs.

Vanquished Creatures
  2 howler monkeys (D:4)
  An iguana (D:4)
  Ijyb (D:3)
  An adder (D:2)
  A worm (D:2)
  2 dart slugs (D:1)
  3 leopard geckos
  An orc (D:4)
  A ball python (D:2)
  8 bats
  4 giant cockroaches
  14 goblins
  4 hobgoblins
  4 jackals (D:3)
  4 quokkas
  2 frilled lizards
  4 kobolds
  6 rats
63 creatures vanquished.

Notes
Turn   | Place    | Note
-------+----------+-------------------------------------------
     0 | D:1      | MDvedh the Gargoyle Fighter began the quest for the Orb.
     0 | D:1      | Reached XP level 1. HP: 14/14 MP: 1/1
   173 | D:1      | Reached XP level 2. HP: 19/19 MP: 2/2
   232 | D:1      | Reached skill level 3 in Maces & Flails
   463 | D:1      | Reached XP level 3. HP: 23/23 MP: 3/3
   806 | D:2      | Reached skill level 4 in Maces & Flails
   867 | D:2      | Reached XP level 4. HP: 28/28 MP: 4/4
  1055 | D:3      | Noticed Ijyb
  1068 | D:3      | Killed Ijyb
  1304 | D:3      | Found a stormy altar of Qazlal.
  1370 | D:4      | Gained mutation: Your mind is acute. (Int +2) [potion of mutation]
  1370 | D:4      | Gained mutation: You are agile. (Dex +2) [potion of mutation]
  1397 | D:4      | Reached skill level 5 in Maces & Flails
  1397 | D:4      | Reached XP level 5. HP: 30/32 MP: 5/5
  1461 | D:4      | Found a white marble altar of Elyvilon.
  1680 | D:4      | Killed from afar by an orc wizard

Skill      XL: |  1  2  3  4 |
---------------+-------------+-----
Maces & Flails | 3 4 5 |  5.9
Fighting       | |  3.2
Armour         | |  3.2
Shields        | |  3.2

Action                   |  1- 3 |  4- 6 || total
-------------------------+-------+-------++-------
Melee: Flail             |   161 |    85 ||   246
  Use: Scroll            |       |     9 ||     9
       Potion            |       |     2 ||     2
  Eat: Chunk             |       |     3 ||     3
Armor: Scale mail        |    21 |       ||    21
       Chain mail        |   102 |    60 ||   162
Dodge: Dodged            |    86 |    31 ||   117
Block: Buckler           |    73 |    19 ||    92
       Shield            |     1 |       ||     1
